 Dungeon Crawl Stone Soup version 0.27-a0-364-g31b3477d74 (webtiles) character file.

Game seed: 13940961836246685126

41 dracos369 the Slasher (level 3, -2/29 HPs)
             Began as a Demigod Warper on Feb 16, 2021.
             Slain by Natasha (5 damage)
             ... on level 2 of the Dungeon.
             The game lasted 00:03:33 (1713 turns).

dracos369 the Slasher (Demigod Warper)              Turns: 1713, Time: 00:03:34

Health: -2/29      AC:  3    Str: 16    XL:     3   Next: 16%
Magic:  8/8        EV: 12    Int: 15    God:
Gold:   73         SH:  0    Dex: 13    Spells: 5/5 levels left

rFire    . . .     SeeInvis .   a - +0 falchion
rCold    . . .     Faith    .   (no shield)
rNeg     . . .     Spirit   .   b - +0 leather armour
rPois    .         Reflect  .   (no helmet)
rElec    .         Harm     .   (no cloak)
rCorr    .         Rampage  .   (no gloves)
Will     .....                  (no boots)
Stlth    +.........             i - amulet of the acrobat
HPRegen  0.09/turn              (no ring)
MPRegen  0.11/turn              (no ring)

@: no status effects
A: high mp 1
a: no special abilities


You were on level 2 of the Dungeon.
You visited 1 branch of the dungeon, and saw 2 of its levels.

You collected 73 gold pieces.

Inventory:

Hand Weapons
 a - a +0 falchion (weapon)
Missiles
 c - 7 poisoned darts (quivered)
 e - 4 boomerangs of dispersal
 h - 21 stones
Armour
 b - a +0 leather armour (worn)
Jewellery
 i - an amulet of the acrobat (around neck)
 j - an amulet of faith {unknown}
Scrolls
 d - a scroll of blinking
 g - 2 scrolls of identify {unknown}
Potions
 f - a potion of might {unknown}
 k - a potion of curing {unknown}
 l - a potion of cancellation {unknown}
 m - a potion of heal wounds {unknown}
 n - a potion of berserk rage {unknown}


   Skills:
 - Level 1.7 Fighting
 + Level 3.4 Long Blades
 - Level 0.8 Throwing
 - Level 0.8 Armour
 - Level 1.7 Dodging
 - Level 1.7 Spellcasting
 - Level 2.6 Translocations


You had 5 spell levels left.
You didn't know any spells.
Your spell library contained the following spells:

 Spells                   Type           Power        Failure   Level
 Blink                    Tloc           N/A          14%         2
 Gell's Gravitas          Tloc           4%           28%         3
 Lesser Beckoning         Tloc           4%           28%         3
 Teleport Other           Tloc           9%           28%         3
 Manifold Assault         Tloc           9%           67%         4


Dungeon Overview and Level Annotations

Branches:
Dungeon (2/15)

Annotations:
D:2 Natasha


Innate Abilities, Weirdness & Mutations

You have an increased reservoir of magic. (+10% MP)


Message History

Natasha, Servant of Life and Death comes into view.
Natasha hisses angrily.
You see here a poisoned dart.
You throw a poisoned dart. The poisoned dart hits Natasha.
Natasha is poisoned.
You throw a poisoned dart. The poisoned dart hits Natasha.
Natasha looks even sicker.
Natasha mumbles some strange words.
c - 7 poisoned darts (gained 1) Natasha casts a spell at you.
The magic dart hits you. Natasha barely misses you.
Found 7 gold pieces.
You hit Natasha.
Natasha is heavily wounded.
Natasha claws you.
You hit Natasha but do no damage.
Natasha is heavily wounded.
Natasha misses you. The iron imp barely misses you.
You riposte.
You barely miss the iron imp. You barely miss Natasha.
Natasha is heavily wounded.
Natasha completely misses you.
You riposte.
You closely miss Natasha.
Natasha is heavily wounded.
Natasha claws you.
You hit Natasha.
Natasha is severely wounded.
The iron imp closely misses you.
You riposte.
You hit the iron imp but do no damage. Natasha closely misses you.
You closely miss Natasha.
Natasha is severely wounded.
The iron imp hits you! Natasha claws you.
You are too injured to fight recklessly!
You miss Natasha.
Natasha is severely wounded.
The iron imp barely misses you. Natasha claws you!
* * * LOW HITPOINT WARNING * * *
You hit Natasha but do no damage.
Natasha is severely wounded.
Natasha claws you.
You die...

#..##...............#
.......######.......#
....## #.......# ####
#######.# #.# ####
#.# ... #.# #.#####
#.# #5@...#######
#.##
#....(h###...†...##
#..# ....(..
#######..####.#
....... #####..###.#
....... #..........#
.....$. #......#####
....... .........#
....... ###...>..#
#......#


You could see an iron imp (summoned) and Natasha (poisoned).

Vanquished Creatures
  An ooze (D:1)
  A leopard gecko (D:1)
  5 bats
  5 goblins (D:1)
  4 hobgoblins (D:1)
  A quokka (D:2)
  2 ball pythons (D:1)
  3 frilled lizards (D:1)
  9 kobolds (D:1)
  3 rats (D:1)
34 creatures vanquished.

Notes
Turn   | Place    | Note
-------+----------+-------------------------------------------
     0 | D:1      | dracos369 the Demigod Warper began the quest for the Orb.
     0 | D:1      | Reached XP level 1. HP: 17/17 MP: 5/5
   168 | D:1      | Reached skill level 2 in Long Blades
   461 | D:1      | Reached XP level 2. HP: 24/24 MP: 7/7
  1075 | D:1      | Reached skill level 3 in Long Blades
  1234 | D:1      | Reached XP level 3. HP: 28/29 MP: 8/8
  1701 | D:2      | Noticed Natasha
  1713 | D:2      | Slain by Natasha

Illustrated notes

Levels and vault maps discovered:
D:1:      dpeg_arrival_circle_labyrinth_c, layout_basic
D:2:      layout_rooms, uniq_natasha

Skill      XL: |  1  2 |
---------------+-------+-----
Long Blades    | 2 3 |  3.4
Fighting       | |  1.7
Throwing       | |  0.8
Armour         | |  0.8
Dodging        | |  1.7
Spellcasting   | |  1.7
Translocations | |  2.6

Action                   || total
-------------------------++-------
Melee: Falchion          ||    69
Throw: Dart              ||    43
       Boomerang         ||     1
Armor: Leather armour    ||    20
Dodge: Dodged            ||    50
       Rpst.: Falchion   ||    17

Table legend: (Time is in decaauts)
 A = Elapsed time spent in this place.
 B = Non-inter-level travel time spent in this place.
 C = Inter-level travel time spent in this place.
 D = Time resting spent in this place.
 E = Time spent auto-exploring this place.
 F = Levels seen in this place.
 G = Mean time per level.
                   A        B        C        D        E       F      G
               +--------+--------+--------+--------+--------+-----+--------+
         Total |   1721 |   1655 |     66 |    253 |   1193 |   2 |  860.5 |
       Dungeon |   1721 |   1655 |     66 |    253 |   1193 |   2 |  860.5 |
               +--------+--------+--------+--------+--------+-----+--------+

Top non-repeatable levels by time:
     D:1: 1617 daAuts
     D:2: 104 daAuts
